 Dungeon Crawl Stone Soup version 0.31-a0-188-g5e087ee2ca (webtiles) character file.

Game seed: 4456121577273434441

1296 qw the Skirmisher (level 8, 0/46 HPs)
             Began as a Deep Elf Hunter on June 23, 2023.
             Was an Initiate of Okawaru.
             Slain by an ogre
             ... wielding a +0 giant spiked club
              (14 damage)
             ... on level 5 of the Dungeon.
             The game lasted 00:02:47 (4826 turns).

qw the Skirmisher (Deep Elf Hunter)                 Turns: 4826, Time: 00:02:48

Health: 0/46       AC: 11    Str: 12    XL:     8   Next: 31%
Magic:  9/11       EV: 15    Int: 17    God:    Okawaru [......]
Gold:   309        SH:  0    Dex: 18    Spells: 7/7 levels left

rFire   . . .        l - +0 orcbow
rCold   . . .        (shield currently unavailable)
rNeg    . . .        j - +1 ring mail of the Everdark {Str+2 Int+2 Stlth+}
rPois   .            (no helmet)
rElec   .            g - +0 cloak
rCorr   .            f - +0 pair of gloves
SInv    .            (no boots)
Will    .....        h - amulet of the acrobat
Stlth   ++++         c - +4 ring of protection
HPRegen 0.27/turn    (no ring)
MPRegen 0.12/turn

%: acrobat
@: heroic
A: deformed body, wild magic 1
a: Renounce Religion


You were on level 5 of the Dungeon.
You worshipped Okawaru.
Okawaru was noncommittal.
You visited 2 branches of the dungeon, and saw 6 of its levels.
You also visited: Ossuary.

You collected 309 gold pieces.


Innate Abilities, Weirdness & Mutations

Armour fits poorly on your strangely shaped body.
Your spells are a little harder to cast, but a little more powerful.


   Skills:
 - Level 3.0(8.0) Fighting
 + Level 12.2(17.2) Ranged Weapons
 - Level 1.6(6.6) Armour
 - Level 4.0(9.0) Dodging
 - Level 1.2(6.2) Stealth
 - Level 2.3 Invocations


You had 7 spell levels left.
You didn't know any spells.
Your spell library was empty.

Inventory:

Hand Weapons
 l - a +0 orcbow (weapon)
Armour
 a - a +2 robe of fire resistance
 f - a +0 pair of gloves (worn)
 g - a +0 cloak (worn)
 j - the +1 ring mail of the Everdark (worn) {Str+2 Int+2 Stlth+}
   (You found it on level 2 of the Dungeon)

   Str:       It affects your strength (+2).
   Int:       It affects your intelligence (+2).
   Stlth:     It makes you more stealthy.
Jewellery
 c - a +4 ring of protection (left hand)
 h - an amulet of the acrobat (around neck)
 o - a ring of see invisible
Scrolls
 i - 6 scrolls of identify
Potions
 b - 2 potions of enlightenment
 d - a potion of mutation
 e - a potion of resistance
 m - a potion of cancellation
 n - a potion of curing

Dungeon Overview and Level Annotations

Branches:
Dungeon (5/15)             Temple (1/1) D:4         Ossuary (visited)

Altars:
Cheibriados
Dithmenos
Elyvilon
Fedhas
Gozag
Hepliaklqana
Nemelex Xobeh
Okawaru
Qazlal
Sif Muna
Uskayaw
Vehumet
Wu Jian
Xom
Yredelemnul
Zin
The Shining One

Shops:
D:1 ?

Annotations:
D:3 1 runed translucent door, Crazy Yiuf


Message History

The hound completely misses you.
You shoot an arrow. The arrow barely misses the hound.
The hound barely misses you. The ogre completely misses you.
You shoot an arrow. The arrow barely misses the hound.
The hound misses you.
You shoot an arrow. The arrow hits the hound.
The hound is heavily wounded.
The hound bites you but does no damage. The ogre barely misses you.
The hound bites you.
You shoot an arrow. The arrow closely misses the hound.
The hound barely misses you.
You shoot an arrow. The arrow completely misses the hound.
The ogre completely misses you. The hound completely misses you.
You shoot an arrow. The arrow misses the hound.
The hound completely misses you. The ogre misses you.
You shoot an arrow. The arrow hits the hound.
The hound is heavily wounded.
The hound bites you but does no damage. The hound bites you.
You shoot an arrow.
The arrow hits the hound but does no damage.
The hound is heavily wounded.
The hound bites you but does no damage. The ogre closely misses you.
You shoot an arrow. The arrow hits the hound.
The hound is severely wounded.
You feel like a meek peon again. The hound bites you.
4824 ||| INVOKING Heroism.
You gain the combat prowess of a mighty hero.
You can no longer gain great but temporary skills.
The hound bites you.
The ogre hits you with a +0 giant spiked club!!
The hound bites you but does no damage.
You shoot an arrow. The arrow hits the hound!
You kill the hound!
Okawaru accepts your kill.
Your base Fighting skill increases to level 3!
You shoot an arrow. The arrow hits the ogre.
The ogre is lightly wounded.
The ogre hits you with a +0 giant spiked club!
You die...

#............# #.#
#.###
#.####.#####.###.####.#
#.####.# #..........#
.......# #####.####.#
#.###..# #.# ##.## #.#
#..#########.###...##
..#
#................#.>#
###
##......###.O###....#
######.....@....(#)#
#####.#######.# #.# #.#
#.# #.# # #.# #.# ##
#######.# #.# .#
#..>....# #.# .#
#.####### ##.## .# #.#
##.#.##


You could see an ogre.

Vanquished Creatures
  Grinder (D:5)
  Sigmund (D:3)
  An ice beast (D:5)
  A centaur (D:5)
  2 scorpions
  2 water moccasin zombies (Ossuary)
  A howler monkey (D:5)
  A jelly (D:5)
  A hound (D:5)
  2 bullfrog zombies (Ossuary)
  2 centaur zombies (Ossuary)
  A human zombie (Ossuary)
  A scorpion zombie (Ossuary)
  3 iguanas
  An ogre zombie (Ossuary)
  A mummy (Ossuary)
  9 adders
  A worm (D:2)
  3 dart slugs
  2 orcs
  5 ball pythons
  5 endoplasms
  2 giant cockroaches (D:1)
  4 gnoll zombies (Ossuary)
  5 goblins
  8 hobgoblins
  2 jackals (D:2)
  4 quokkas
  6 bats
  3 frilled lizards
  3 goblin zombies (Ossuary)
  5 hobgoblin zombies (Ossuary)
  3 kobolds
  An orc zombie (Ossuary)
  5 rats
98 creatures vanquished.

Notes
Turn   | Place    | Note
-------+----------+-------------------------------------------
     0 | D:1      | qw the Deep Elf Hunter began the quest for the Orb.
     0 | D:1      | Reached XP level 1. HP: 12/12 MP: 3/3
     0 | D:1      | 0 ||| qw: Version: 0.3-a-9-g12657ce
     0 | D:1      | 0 ||| qw: Game counter: 3124
     0 | D:1      | 0 ||| qw: Always use a shield: true
     0 | D:1      | 0 ||| qw: God list: Okawaru
     0 | D:1      | 0 ||| qw: Allow faded altars: false
     0 | D:1      | 0 ||| qw: Do Orc after D:15 true
     0 | D:1      | 0 ||| qw: Do second Lair branch before Depths: true
     0 | D:1      | 0 ||| qw: Lair rune preference: random
     0 | D:1      | 0 ||| qw: Plans: Normal
     0 | D:1      | 0 ||| PLANNING D:1-11
    87 | D:1      | Reached XP level 2. HP: 15/16 MP: 4/4
    88 | D:1      | Reached skill level 6 in Ranged Weapons
   108 | D:1      | Found Jyk Geoth's Magic Scroll Shop.
   122 | D:1      | 122 ||| SHOPLISTING scroll of identify (22 gold, have 18).
   122 | D:1      | 122 ||| SHOPLISTING scroll of teleportation (33 gold, have
                  | 18).
   725 | D:1      | Reached XP level 3. HP: 20/20 MP: 5/5
   832 | D:1      | 832 ||| UPGRADING to +0 pair of gloves.
   837 | D:1      | 837 ||| UPGRADING to +0 cloak.
   842 | D:1      | 842 ||| READING scroll labelled FUSTENT BAP PUPPU.
   845 | D:1      | 845 ||| READING 2 scrolls labelled MEUGOS VOXORRO.
   846 | D:1      | 846 ||| DRINKING 2 coppery potions.
   847 | D:1      | 847 ||| DROPPING scroll of butterflies.
   930 | D:2      | Reached skill level 7 in Ranged Weapons
  1092 | D:2      | Reached XP level 4. HP: 25/25 MP: 6/6
  1098 | D:2      | Identified the +1 ring mail of the Everdark {Str+2 Int+2
                  | Stlth+}
  1250 | D:2      | Identified the +2 sling "Fuyzod" {heavy, Str+6}
  1252 | D:2      | 1252 ||| SWAPPING to +2 sling "Fuyzod" {heavy, Str+6}.
  1253 | D:2      | 1253 ||| DROPPING +0 shortbow.
  1365 | D:2      | 1365 ||| UPGRADING to +1 ring mail of the Everdark {Str+2
                  | Int+2 Stlth+}.
  1375 | D:2      | 1375 ||| DROPPING +0 leather armour.
  1376 | D:2      | 1376 ||| UPGRADING to amulet of the acrobat.
  1381 | D:2      | 1381 ||| READING scroll labelled FOGHUY MIOPT.
  1382 | D:2      | 1382 ||| READING 2 scrolls of identify.
  1382 | D:2      | 1382 ||| IDENTIFYING lumpy green potion
  1383 | D:2      | 1383 ||| DROPPING potion of brilliance.
  1399 | D:3      | 1399 ||| STAIRDANCE
  1594 | D:3      | Noticed a scorpion
  1598 | D:3      | Killed a scorpion
  1599 | D:3      | Reached skill level 8 in Ranged Weapons
  1599 | D:3      | Reached XP level 5. HP: 29/29 MP: 7/7
  1623 | D:3      | Found a runed translucent door.
  1624 | D:3      | Noticed Crazy Yiuf
  1875 | D:3      | Noticed Sigmund
  1878 | D:3      | 1878 ||| DRINKING potion of curing.
  1878 | D:3      | 1878 ||| (to cure confusion)
  1894 | D:3      | Killed Sigmund
  1895 | D:3      | Reached skill level 9 in Ranged Weapons
  1895 | D:3      | Reached XP level 6. HP: 24/34 MP: 8/8
  1952 | D:3      | Found a glowing silver altar of Zin.
  1953 | D:3      | Found a white marble altar of Elyvilon.
  1954 | D:3      | 1954 ||| READING 2 scrolls of identify.
  1954 | D:3      | 1954 ||| IDENTIFYING fuming purple potion
  2953 | D:4      | 2953 ||| PLANNING OSSUARY
  3117 | D:4      | Found a staircase to the Ecumenical Temple.
  3247 | D:4      | Found a sand-covered staircase.
  3248 | D:4      | 3248 ||| UPGRADING to +4 ring of protection.
  3249 | D:4      | 3249 ||| READING 2 scrolls labelled EBOOZU YRGHEXZA.
  3250 | D:4      | 3250 ||| READING scroll labelled LAONASHRUDOU.
  3251 | D:4      | 3251 ||| DRINKING 2 bubbling grey potions.
  3252 | D:4      | 3252 ||| READING 2 scrolls of identify.
  3252 | D:4      | 3252 ||| IDENTIFYING inky potion
  3253 | D:4      | 3253 ||| DROPPING potion of degeneration.
  3254 | D:4      | 3254 ||| DROPPING scroll of vulnerability.
  3265 | Ossuary  | Entered an ossuary
  3332 | Ossuary  | Reached skill level 3 in Dodging
  3370 | Ossuary  | Reached skill level 1 in Armour
  3402 | Ossuary  | Reached skill level 10 in Ranged Weapons
  3402 | Ossuary  | Reached XP level 7. HP: 32/40 MP: 9/9
  3556 | Ossuary  | Noticed a silent spectre
  3591 | Ossuary  | 3591 ||| DRINKING 2 fizzy brown potions.
  3592 | Ossuary  | 3592 ||| DRINKING 2 sedimented coppery potions.
  3592 | Ossuary  | Gained mutation: Potions are less effective at restoring
                  | your health. [potion of mutation]
  3593 | Ossuary  | 3593 ||| DRINKING potion of mutation.
  3593 | Ossuary  | Lost mutation: Potions are less effective at restoring your
                  | health. [potion of mutation]
  3593 | Ossuary  | Gained mutation: Armour fits poorly on your strangely
                  | shaped body. [potion of mutation]
  3593 | Ossuary  | Gained mutation: Your spells are a little harder to cast,
                  | but a little more powerful. [potion of mutation]
  3598 | D:4      | 3598 ||| PLANNING TEMPLE
  3598 | D:4      | 3598 ||| READING scroll labelled UMEYSK NELIGGI.
  3599 | D:4      | 3599 ||| READING scroll labelled WEXENKEICYR.
  3600 | D:4      | 3600 ||| READING scroll labelled ANE JAOWOSOA.
  3601 | D:4      | 3601 ||| READING 5 scrolls of identify.
  3601 | D:4      | 3601 ||| IDENTIFYING silvery potion
  3654 | Temple   | Entered the Ecumenical Temple
  3655 | Temple   | 3655 ||| PLANNING OKAWARU WORSHIP
  3669 | Temple   | Became a worshipper of Warmaster Okawaru
  3670 | Temple   | 3670 ||| PLANNING D:1-11
  4145 | D:5      | Entered Level 5 of the Dungeon
  4154 | D:5      | Reached skill level 11 in Ranged Weapons
  4189 | D:5      | Noticed Grinder
  4193 | D:5      | 4193 ||| FLEEEEING.
  4194 | D:5      | 4194 ||| FLEEEEING.
  4195 | D:5      | 4195 ||| FLEEEEING.
  4196 | D:5      | 4196 ||| FLEEEEING.
  4197 | D:5      | 4197 ||| FLEEEEING.
  4198 | D:5      | 4198 ||| FLEEEEING.
  4212 | D:5      | 4212 ||| FLEEEEING.
  4219 | D:5      | 4219 ||| STAIRDANCE
  4318 | D:5      | HP: 7/40 [centaur/arrow (9)]
  4319 | D:5      | 4319 ||| READING scroll of teleportation.
  4320 | D:5      | 4320 ||| DRINKING potion of heal wounds.
  4430 | D:5      | 4430 ||| SWAPPING to +0 orcbow.
  4431 | D:5      | 4431 ||| DROPPING +2 sling "Fuyzod" {heavy, Str+6}.
  4448 | D:5      | Paralysed by Grinder for 3 turns
  4452 | D:5      | Killed Grinder
  4452 | D:5      | Reached * piety under Okawaru
  4453 | D:5      | Reached skill level 12 in Ranged Weapons
  4453 | D:5      | Reached XP level 8. HP: 41/44 MP: 10/10
  4503 | D:5      | Reached skill level 1 in Invocations
  4732 | D:5      | 4732 ||| INVOKING Heroism.
  4805 | D:5      | 4805 ||| INVOKING Heroism.
  4824 | D:5      | 4824 ||| INVOKING Heroism.
  4826 | D:5      | Reached skill level 3 in Fighting
  4826 | D:5      | Slain by an ogre

Levels and vault maps discovered:
D:1:      ncdulo_watergridlock, layout_basic, serial_shops, shop,
          serial_bayou_ford_a
D:2:      layout_rooms
D:3:      layout_loops_cross, jmf_multi_god_temple, uniq_crazy_yiuf_cottage,
          uniq_sigmund
D:4:      layout_basic, minmay_temple_entry_statues_pillars,
          nicolae_ossuary_entry_monument, minmay_misc_feat_tower
D:5:      layout_loops_ring, uniq_grinder
Temple:   hellmonk_temple_two_chambers

Skill      XL: |  1  2  3  4  5  6  7  8 |
---------------+-------------------------+-----
Ranged Weapons | 6 7 8 9 10 12 | 12.2
Fighting       | 2 3 |  3.0
Dodging        | 3 4 |  4.0
Armour         | 1 |  1.6
Invocations    | 2 |  2.3
Stealth        | |  1.2

Action                     |  1- 3 |  4- 6 |  7- 9 || total
---------------------------+-------+-------+-------++-------
   Fire: Shortbow          |    99 |    12 |       ||   111
         Sling             |       |    96 |    56 ||   152
         Orcbow            |       |       |    78 ||    78
 Invoke: Heroism           |       |       |     3 ||     3
    Use: Scroll            |     2 |     6 |     5 ||    13
         Potion            |     1 |     2 |     4 ||     7
 Armour: Leather armour    |     9 |       |       ||     9
         Ring mail         |       |    32 |    42 ||    74
  Dodge: Dodged            |    13 |    49 |    71 ||   133

Table legend:
 A = Non-vault XP
 B = Vault XP
 C = Vault XP percentage of total XP
 D = Non-vault monster count
 E = Vault monster count
 F = Vault count percentage of total count
                 A         B        C        D         E       F
            +---------+---------+-------+---------+---------+-------
      Total |     872 |     980 |  52.9 |      71 |      27 |  27.6
            +---------+---------+-------+---------+---------+-------
        D:1 |      43 |       0 |   0.0 |      25 |       0 |   0.0
        D:2 |      81 |       0 |   0.0 |      15 |       0 |   0.0
        D:3 |     115 |     227 |  66.4 |      13 |       3 |  18.8
        D:4 |      43 |       0 |   0.0 |       5 |       0 |   0.0
        D:5 |     590 |     286 |  32.6 |      13 |       1 |   7.1
    Ossuary |       0 |     467 | 100.0 |       0 |      23 | 100.0
            +---------+---------+-------+---------+---------+-------
